AoeStats
← Seeker

Arena

509190958Analyzed
1v1 RM · 6d ago on Sep 25, 2026· 33m 52s· 2 players
Game mode
Random Map
Map size
Tiny (2 player)
Population
200
Speed
Normal
Resources
Standard
Victory
Conquest
Starting age
Dark Age
Ending age
Imperial Age
RankedLock teamsTeams togetherTeam positionsShared explorationLock speedFull tech treeHidden civsTurbo modeCheats
Victory
Defeat
🇮🇳 Teutons · India
1026
+15
🇨🇱 Magyars · Chile
1009
-42
Jusadake
7:51 Loom
10:43 Feudal Age
22:00 Double-Bit Axe
24:01 Horse Collar
31:06 Castle Age
32:02 Fletching
Seeker
6:33 Loom
9:01 Feudal Age
12:36 Fletching
14:06 Double-Bit Axe
20:20 Gold Mining
26:08 Castle Age
27:45 Forging
27:38 Scale Mail Armor
27:51 Forging
27:26 Horse Collar
27:54 Bodkin Arrow
28:49 Bow Saw
29:14 Chain Mail Armor
30:40 Iron Casting
Connection lost

Rejoining the realm…

Still unreachable

The connection could not be restored.

Session expired

The server has moved on; the page needs a fresh start.